 Dungeon Crawl Stone Soup version 0.14.2 (webtiles) character file.

295 nixmar the Cudgeler (level 5, 0/32 HPs)
             Began as a Gargoyle Fighter on Nov 8, 2018.
             Slain by an orc
             ... wielding a +0,+0 club
              (2 damage)
             ... while paralysed by a potion of paralysis
             ... on Level 3 of the Dungeon.
             The game lasted 00:05:33 (2810 turns).

nixmar the Cudgeler (Gargoyle Fighter)              Turns: 2810, Time: 00:05:33

HP   0/32        AC 10     Str 20      XL: 5   Next: 35%
MP   5/5         EV  2     Int  9      God:
Gold 141         SH  0     Dex  9      Spells:  0 memorised,  4 levels left

rFire  . . .     SeeInvis .     a - +0,+1 flail
rCold  . . .     Clarity  .     b - +0 scale mail
rNeg   + . .     Conserve .     c - +0 shield
rPois  +         rCorr    .     (no helmet)
rElec  +         rRot     +     (no cloak)
SustAb . .       Spirit   .     (no gloves)
rMut   .         Warding  .     (no boots)
Saprov . . .     Stasis   .     (no amulet)
MR     .....                    (no ring)
                                (no ring)

@: paralysed, not resistant to hostile enchantments, extremely unstealthy
A: life protection 1, electricity resistance, unbreathing, petrification
resistance, AC +4
a: no special abilities


You were on level 3 of the Dungeon.
You were not hungry.

You visited 1 branch of the dungeon, and saw 3 of its levels.

You collected 141 gold pieces.

Inventory:

Hand weapons
 a - a +0,+1 flail (weapon)
Armour
 b - a +0 scale mail (worn)
 c - a +0 shield (worn)
Comestibles
 d - 3 bread rations
 t - a meat ration
Scrolls
 g - 4 scrolls of teleportation {unknown}
 j - a scroll of recharging {unknown}
 k - a scroll of noise {unknown}
 l - 2 scrolls of identify {unknown}
 m - a scroll of random uselessness {unknown}
 o - a scroll of magic mapping {unknown}
 p - a scroll of blinking {unknown}
 q - a scroll of amnesia {unknown}
 u - 3 scrolls of remove curse {unknown}
Potions
 e - a potion of might
 h - a potion of magic {unknown}
 i - 2 potions of confusion {unknown}
 n - a potion of agility {unknown}
 r - a potion of haste {unknown}
 s - 2 potions of curing {unknown}
 v - a potion of poison {unknown}


   Skills:
 - Level 3.2 Fighting
 + Level 5.9 Maces & Flails
 - Level 3.2 Armour
 - Level 3.2 Shields


You had 4 spell levels left.
You didn't know any spells.

Dungeon Overview and Level Annotations

Branches:
Dungeon (3/15)

Altars:


Innate Abilities, Weirdness & Mutations

You are resistant to torment.
You are immune to poison.
You are immune to rotting.
Your stone body is very resilient (AC +4).
You resist negative energy.
You are resistant to electric shocks.
You can survive without breathing.
You are immune to petrification.


Message History

You barely miss the orc. The orc barely misses you.
The orc hits you but does no damage.
The orc priest mumbles some strange prayers to Beogh against you.
Pain shoots through your body! The orc hits you but does no damage.
You block the orc priest's attack.
The orc priest mumbles some strange prayers to Beogh against you.
Something smites you!
You completely miss the orc.
Read which item? (? for menu, Esc to quit)
Okay, then.
Drink which item? (? for menu, Esc to quit)
You suddenly lose the ability to move!
It was a potion of paralysis.
The orc priest hits you but does no damage.
The orc hits you but does no damage. The orc priest barely misses you.
The orc hits you but does no damage.
The orc priest invokes the aid of Beogh against you.
Something smites you!
* * * LOW HITPOINT WARNING * * *
The orc hits you with a club.
You die...

#.# #..#....# #.#
####...######
..###...........#
####............#
#..###..####.# ####
#. #..# #.# ...
#.^# ##.###.###.###
#..###...#.........
#.......@oo.##..#.#
##(###..o#### #.#
##.## ... ...#
###.# ... ..# ###


You could see an orc priest and 2 orcs.

Vanquished Creatures
  Jessica (D:3)
  5 gnolls
  2 adders
  2 giant mites
  A worm (D:1)
  4 giant geckos
  A ball python (D:1)
  3 giant cockroaches
  7 goblins
  2 hobgoblins (D:2)
  5 jackals (D:1)
  3 kobolds
  4 bats
  2 giant newts
  6 rats
48 creatures vanquished.

Notes
Turn   | Place    | Note
--------------------------------------------------------------
     0 | D:1      | nixmar, the Gargoyle Fighter, began the quest for the Orb.
     0 | D:1      | Reached XP level 1. HP: 14/14 MP: 1/1
    78 | D:1      | Reached XP level 2. HP: 10/19 MP: 2/2
   630 | D:1      | Reached XP level 3. HP: 19/23 MP: 3/3
   761 | D:1      | Reached skill level 4 in Maces & Flails
  1271 | D:2      | Reached XP level 4. HP: 25/28 MP: 4/4
  1840 | D:2      | Reached skill level 5 in Maces & Flails
  1856 | D:2      | Reached XP level 5. HP: 19/32 MP: 5/5
  2385 | D:3      | Noticed Jessica
  2398 | D:3      | Killed Jessica
  2808 | D:3      | Paralysed by a potion of paralysis for 4 turns
  2810 | D:3      | Slain by an orc

Action                   |  1- 3 |  4- 6 || total
-------------------------+-------+-------++-------
Melee: Flail             |   107 |   100 ||   207
  Use: Scroll            |       |     1 ||     1
       Potion            |       |     1 ||     1
